Map: El Dorado

Players

wootwoot - Winner!

  • Race: Protoss Protoss
  • League: Diamond
  • Spawn Location: 7:00

Rushgogo

  • Race: Protoss Protoss
  • League: Diamond
  • Spawn Location: 5:00

VOD

Have the link to the VOD?

Description

Time

  • Played on: April 2, 2025, 6:31 p.m.
  • Length: 3:28
Show
View Real Time Build Order
Export as new Build Order

wootwoot Protoss - Winner!

Build Orders:  

Get SALT Encoding   

  12  0:00  Probe  
  13  0:12  Probe  
  14  0:21  Pylon  
  14  0:24  Probe  
  15  0:41  Gateway  
  15  0:43  Assimilator  
  15  0:57  Pylon  
  15  1:15  Gateway  
  15  1:17  Gateway  
  15  1:30  Cybernetics Core  
  15  1:34  Probe  
  16  1:46  Probe  
  17  1:55  Stalker x2  
  21  2:20  Stalker  
  21  2:24  Zealot  
  25  2:47  Stalker  
  27  3:09  Pylon  
  27  3:12  Pylon  
Show
View Real Time Build Order
Export as new Build Order

Rushgogo Protoss 

Build Orders:  

Get SALT Encoding   

  12  0:00  Probe  
  13  0:12  Probe  
  14  0:20  Pylon  
  14  0:24  Probe  
  15  0:35  Probe  
  16  0:43  Probe  
  16  0:44  Gateway  
  17  0:51  Assimilator  
  17  0:57  Probe  
  18  1:07  Assimilator  
  18  1:09  Probe  
  19  1:18  Gateway  
  19  1:24  Probe  
  20  1:36  Cybernetics Core  
  20  1:37  Probe  
  21  1:43  Pylon  
  21  1:50  Probe  
  22  2:03  Adept x2  
  22  2:04  Probe  
  27  2:18  Pylon  
  27  2:26  Gateway  
  27  2:38  Stalker  
  29  2:50  Stalker  
  25  3:10  Shield Battery  
Tags
 
Matchup
PvP
Replay Pack
B2M-Replays
Spawn Locations
Close Positions
Add a new tag
Caveats
  • Supply blocks, unpowered buildings, or Contaminate may cause inaccurate times.
  • Supply counts are checked every 10 seconds.